 Dungeon Crawl Stone Soup version 0.21.0-24-g2553a33 (webtiles) character file.

21874 mopl the Spear-Bearer (level 12, -1/97 HPs)
             Began as a Centaur Gladiator on Jan 21, 2018.
             Was a High Priest of Okawaru.
             Killed by divine providence
             ... invoked by a meliai
              (8 damage)
             ... on level 11 of the Dungeon.
             The game lasted 00:32:43 (16006 turns).

mopl the Spear-Bearer (Centaur Gladiator)          Turns: 16006, Time: 00:32:44

Health: -1/97      AC: 22    Str: 21    XL:     12   Next: 58%
Magic:  16/16      EV: 16    Int:  7    God:    Okawaru [*****.]
Gold:   1075       SH:  0    Dex: 15    Spells: 5/11 levels left

rFire    . . .     SeeInvis +   a - +2 trident (protect)
rCold    . . .     Gourm    .   (no shield)
rNeg     . . .     Faith    .   y - +2 leather armour of Dishonour {MR+ rCorr}
rPois    +         Spirit   .   c - +0 helmet "Upatha Roese" {Str+3 SInv}
rElec    .         Reflect  .   v - +1 cloak {rPois}
rCorr    +         Harm     .   V - +0 pair of gloves
MR       ++...                  (no barding)
Stlth    ++........             (no amulet)
HPRegen  0.26/turn              w - +2 ring of protection
MPRegen  0.15/turn              T - ring of protection from magic

@: heroism, protection aura, very quick
A: large, hooves 3, deformed body, speed 2, tough skin 3
a: Heroism, Finesse, Renounce Religion


You were on level 11 of the Dungeon.
You worshipped Okawaru.
Okawaru was extremely pleased with you.
You were hungry.

You visited 3 branches of the dungeon, and saw 14 of its levels.
You also visited: Labyrinth.

You collected 1187 gold pieces.
You spent 112 gold pieces at shops.

Inventory:

Hand Weapons
 a - a +2 trident of protection (weapon)
 R - a cursed +3 spear of freezing
Missiles
 d - 3 throwing nets (quivered)
 l - 82 poisoned needles
 n - 521 stones
 u - 9 javelins of penetration
 x - 13 tomahawks
 E - 5 javelins
Armour
 c - the +0 helmet "Upatha Roese" (worn) {Str+3 SInv}
   (You found it in a labyrinth)

   It affects your strength (+3).
   It lets you see invisible.
 j - the +2 helmet "Goceoggi" {rElec rN+ Dex+2}
   (You found it in a labyrinth)

   It affects your dexterity (+2).
   It insulates you from electricity.
   It protects you from negative energy.
 v - a +1 cloak of poison resistance (worn)
 y - the +2 leather armour of Dishonour (worn) {MR+ rCorr}
   (You found it on level 12 of the Dungeon)

   It affects your resistance to hostile enchantments.
   It protects you from acid and corrosion.
 C - a +1 cloak of invisibility
 V - a +0 pair of gloves (worn)
 Y - a +0 troll leather armour
Jewellery
 i - an uncursed ring of fire
 w - a +2 ring of protection (left hand)
 I - an uncursed ring of flight
 M - an uncursed ring of ice
 T - a ring of protection from magic (right hand)
Wands
 b - a wand of clouds (2)
 t - a wand of polymorph (23)
 N - a wand of disintegration (30)
 O - a wand of iceblast (11)
 X - a wand of acid (6)
Scrolls
 e - 7 scrolls of teleportation
 g - 4 scrolls of magic mapping {unknown}
 m - a scroll of vulnerability {unknown}
 o - 8 scrolls of remove curse
 q - 2 scrolls of blinking {unknown}
 r - 2 scrolls of enchant weapon {unknown}
 z - 6 scrolls of amnesia {unknown}
 D - a scroll of random uselessness {unknown}
 G - a scroll of holy word {unknown}
 K - a scroll of torment {unknown}
 P - a scroll of fog {unknown}
 S - a scroll of enchant armour {unknown}
 W - 2 scrolls of immolation {unknown}
Potions
 h - 12 potions of curing {unknown}
 k - 6 potions of flight
 p - 4 potions of agility {unknown}
 s - 2 potions of invisibility
 A - a potion of might
 F - 3 potions of lignification {unknown}
 H - a potion of heal wounds
 J - a potion of ambrosia
 L - a potion of cancellation
 U - 2 potions of haste
 Z - a potion of brilliance
Miscellaneous
 Q - a phantom mirror
Comestibles
 f - 24 rations
 B - 7 chunks of flesh


   Skills:
 + Level 6.8(11.8) Fighting
 * Level 14.2(19.2) Polearms
 + Level 7.6(12.6) Throwing
 + Level 4.8(9.8) Armour
 + Level 5.5(10.5) Dodging
 + Level 5.9 Invocations


You had 5 spell levels left.
You knew the following spells:

 Your Spells              Type           Power        Failure   Level  Hunger
e - Blink                 Tloc           N/A          61%         2    ###....
p - Passage of Golubria   Tloc           N/A          99%         4    #####..


Dungeon Overview and Level Annotations

Branches:
Dungeon (12/15)            Temple (1/1) D:5            Lair (1/6) D:10
    Orc (0/2) D:11

Altars:
Ashenzari
Cheibriados
Dithmenos
Elyvilon
Fedhas
Gozag
Hepliaklqana
Kikubaaqudgha
Makhleb
Nemelex Xobeh
Okawaru
Qazlal
Ru
Sif Muna
Trog
Uskayaw
Vehumet
Wu Jian
Xom
Yredelemnul
Zin
The Shining One

Shops:
D:10 =   D:11 [*

Portals:
Trove: D:10 (give 6 scrolls of blinking)


Innate Abilities, Weirdness & Mutations

You have hooves in place of feet.
Armour fits poorly on your strangely shaped body.
You cover ground very quickly.
You have extremely tough skin. (AC +3)


Message History

The meliai closely misses you.
The meliai stings you but does no damage.
You hit the meliai. Your kick misses the meliai.
The meliai is severely wounded.
The meliai hits you with a hand axe.
* * * LOW HITPOINT WARNING * * *
The meliai stings you but does no damage.
You closely miss the meliai. You kick the meliai.
The meliai is severely wounded.
The meliai is no longer berserk.
The meliai invokes the aid of its god against you.
Something smites you!
* * * LOW HITPOINT WARNING * * *
The meliai completely misses you.
The meliai stings you but does no damage.
You completely miss the meliai. You kick the meliai, but do no damage.
The meliai is severely wounded.
The meliai invokes the aid of its god against you.
Something smites you!
You die...

#.......# #.#
#####'### #.# #..#
#.# ######'#### #.#
#.........# #.#
#.........# ##.###
#.........# #.....
#.........# #.....
#.@.......####..)..
#..y......'.##.....
#.........#........
#..>......####.[...
########### #.....
#..... #.....
######


You could see a meliai.

Vanquished Creatures
  A minotaur (Lab)
  A hydra (Lair:1)
  The ghost of Bazinga the Arsonist, a journeyman DEFE of Vehumet (D:12)
  A two-headed ogre (D:9)
  A death knight (D:11)
  2 unseen horrors (D:11)
  The ghost of Bazinga the Arsonist, a novice DEFE of Vehumet (D:8)
  Pikel (D:6)
  A cyclops (D:12)
  A guardian serpent (D:12)
  Joseph (Lair:1)
  A centaur skeleton (D:12)
  2 freezing wraiths (D:10)
  3 komodo dragons (Lair:1)
  5 trolls
  A meliai (D:12)
  Grinder (D:3)
  6 hippogriffs
  Sigmund (D:2)
  A spriggan (D:7)
  2 wyverns
  2 wraiths (D:11)
  17 yaks
  2 hungry ghosts
  A water moccasin (Lair:1)
  7 orc warriors
  Duvessa (D:4)
  A swamp drake (D:11)
  2 black bears
  A sky beast (D:11)
  3 ice beasts
  An eye of draining (D:12)
  4 ogres
  7 centaurs
  3 crocodiles
  A big kobold (D:7)
  10 bullfrogs
  A water moccasin zombie (D:9)
  Dowan (D:4)
  2 wyvern skeletons
  2 scorpions
  13 killer bees
  22 wights
  6 howler monkeys
  10 crimson imps
  2 bullfrog zombies
  A quasit (D:6)
  6 hounds
  Crazy Yiuf (D:4)
  6 jellies
  3 bullfrog skeletons
  2 centaur zombies
  12 orc priests
  9 orc wizards
  3 iguanas
  Terence (D:3)
  Natasha (thrice) (D:3)
  5 worker ants
  A hound zombie (D:6)
  A hound skeleton (D:4)
  A howler monkey skeleton (D:7)
  10 adders
  6 shadow imps
  An ooze (D:2)
  2 adder skeletons
  5 worms
  A dart slug (D:1)
  4 leopard geckos
  51 orcs
  6 giant cockroaches
  7 goblins
  5 hobgoblins
  11 jackals
  3 quokkas
  2 ball pythons
  5 bats
  6 frilled lizards
  14 kobolds
  A leopard gecko skeleton (D:6)
  A quokka zombie (D:6)
  3 rats (D:1)
356 creatures vanquished.

Vanquished Creatures (others)
  A slave (D:6)
  A howler monkey (D:6)
  A bullfrog skeleton (D:6)
  A leopard gecko (D:6)
  An orc (D:6)
  A quokka zombie (D:6)
6 creatures vanquished.

Grand Total: 362 creatures vanquished

Notes
Turn   | Place    | Note
-------+----------+-------------------------------------------
     0 | D:1      | mopl the Centaur Gladiator began the quest for the Orb.
     0 | D:1      | Reached XP level 1. HP: 17/17 MP: 1/1
   133 | D:1      | Reached skill level 3 in Polearms
   192 | D:1      | Reached XP level 2. HP: 21/24 MP: 2/2
   704 | D:2      | Reached XP level 3. HP: 29/29 MP: 3/3
   771 | D:2      | Reached skill level 4 in Polearms
  1212 | D:2      | Noticed Sigmund
  1351 | D:2      | Killed Sigmund
  1351 | D:2      | Reached skill level 5 in Polearms
  1351 | D:2      | Reached XP level 4. HP: 36/36 MP: 4/4
  1351 | D:2      | Reached XP level 5. HP: 41/41 MP: 5/5
  1863 | D:3      | Reached skill level 6 in Polearms
  1863 | D:3      | Reached XP level 6. HP: 30/48 MP: 6/6
  2054 | D:3      | Noticed Terence
  2099 | D:3      | Killed Terence
  2336 | D:3      | Noticed Natasha
  2340 | D:3      | Killed Natasha
  2515 | D:3      | Noticed Grinder
  2520 | D:3      | Paralysed by Grinder for 2 turns
  2535 | D:3      | Killed Grinder
  2535 | D:3      | Reached skill level 7 in Polearms
  2535 | D:3      | Reached XP level 7. HP: 15/55 MP: 7/7
  3148 | D:3      | Noticed Natasha
  3154 | D:3      | Killed Natasha
  3221 | D:3      | Noticed Natasha
  3235 | D:3      | Killed Natasha
  3373 | D:4      | Reached skill level 8 in Polearms
  3531 | D:4      | Found a bloodstained altar of Trog.
  3531 | D:4      | Noticed Duvessa
  3531 | D:4      | Noticed Dowan
  3753 | D:4      | Killed Duvessa
  3948 | D:4      | Killed Dowan
  4135 | D:4      | Found a runed door.
  4139 | D:4      | Noticed Crazy Yiuf
  4150 | D:4      | Killed Crazy Yiuf
  4262 | D:4      | Reached skill level 9 in Polearms
  4262 | D:4      | Reached XP level 8. HP: 60/61 MP: 8/8
  4500 | D:4      | Found a shattered altar of Ashenzari.
  4500 | D:4      | Found a sacrificial altar of Ru.
  4538 | D:4      | Found a blossoming altar of Fedhas.
  4785 | D:5      | Entered Level 5 of the Dungeon
  4886 | D:5      | Found a staircase to the Ecumenical Temple.
  4916 | Temple   | Entered the Ecumenical Temple
  5218 | D:5      | Found a sacrificial altar of Ru.
  5329 | D:6      | Noticed Pikel
  5348 | D:6      | Killed Pikel
  5348 | D:6      | Reached skill level 10 in Polearms
  5383 | D:6      | Reached skill level 11 in Polearms
  5399 | D:6      | Reached XP level 9. HP: 67/67 MP: 9/9
  6193 | D:7      | Found Kywill's Magic Scroll Boutique.
  6241 | D:7      | Reached skill level 12 in Polearms
  7365 | D:8      | Noticed Bazinga's ghost (novice DEFE)
  7405 | D:8      | Killed Bazinga's ghost
  7405 | D:8      | Reached skill level 3 in Throwing
  7405 | D:8      | Reached skill level 1 in Armour
  7623 | D:8      | Reached skill level 3 in Fighting
  7759 | D:8      | Reached XP level 10. HP: 53/77 MP: 10/10
  7772 | D:8      | Found a burning altar of Makhleb.
  7922 | D:8      | Reached skill level 3 in Dodging
  7995 | D:8      | Reached skill level 2 in Armour
  8035 | D:8      | Reached skill level 4 in Throwing
  8737 | D:9      | Found an iron altar of Okawaru.
  8738 | D:9      | Found a glowing golden altar of the Shining One.
  8738 | D:9      | Found a white marble altar of Elyvilon.
  8738 | D:9      | Found a stormy altar of Qazlal.
  8743 | D:9      | Became a worshipper of Warmaster Okawaru
  8862 | D:9      | Noticed a two-headed ogre
  8902 | D:9      | Killed a two-headed ogre
  8902 | D:9      | Reached skill level 4 in Fighting
  8902 | D:9      | Reached skill level 1 in Invocations
  9165 | D:9      | Reached * piety under Okawaru
  9477 | D:9      | Reached skill level 5 in Throwing
  9543 | D:9      | Reached skill level 13 in Polearms
  9543 | D:9      | Reached skill level 2 in Invocations
  9874 | D:9      | Reached skill level 3 in Armour
 10421 | D:10     | Entered Level 10 of the Dungeon
 10424 | D:10     | Reached XP level 11. HP: 85/85 MP: 12/12
 10453 | D:9      | Reached ** piety under Okawaru
 10470 | D:9      | Reached skill level 4 in Dodging
 10645 | D:10     | Found Siusch's Jewellery Shoppe.
 10797 | D:10     | Reached skill level 3 in Invocations
 10827 | D:10     | Found a staircase to the Lair.
 11171 | D:10     | Reached skill level 5 in Fighting
 11224 | D:10     | Reached *** piety under Okawaru
 11566 | D:10     | Found a portal to a secret trove of treasure.
 11604 | D:10     | Found a shadowy altar of Dithmenos.
 11974 | D:11     | Found Neucaew's Armour Emporium.
 12046 | D:11     | Noticed a death knight
 12459 | D:10     | Reached skill level 6 in Throwing
 12566 | D:11     | Killed a death knight
 12566 | D:11     | Reached **** piety under Okawaru
 12566 | D:11     | Received a gift from Okawaru
 12566 | D:11     | Reached skill level 4 in Invocations
 12635 | D:11     | Killed an unseen horror
 13010 | D:11     | Found Nurep's General Store.
 13013 | D:11     | Bought a potion of magic for 112 gold pieces
 13050 | D:11     | Killed an unseen horror
 13050 | D:11     | Reached skill level 4 in Armour
 13436 | D:11     | Received a gift from Okawaru
 13485 | D:11     | Found a staircase to the Orcish Mines.
 14024 | Lair:1   | Entered Level 1 of the Lair of Beasts
 14046 | Lair:1   | Noticed Joseph
 14070 | Lair:1   | Killed Joseph
 14092 | Lair:1   | Reached skill level 6 in Fighting
 14108 | Lair:1   | Reached ***** piety under Okawaru
 14108 | Lair:1   | Reached XP level 12. HP: 66/96 MP: 13/15
 14160 | Lair:1   | Received a gift from Okawaru
 14171 | Lair:1   | Got a blackened quarterstaff
 14308 | Lair:1   | Reached skill level 5 in Dodging
 14354 | Lair:1   | Noticed a seven-headed hydra
 14376 | Lair:1   | Killed a seven-headed hydra
 14376 | Lair:1   | Reached skill level 5 in Invocations
 14453 | Lair:1   | Reached skill level 7 in Throwing
 14471 | Lair:1   | Found a labyrinth entrance.
 14480 | Lab      | Entered a labyrinth
 14773 | Lab      | Noticed a minotaur
 14785 | Lab      | Killed a minotaur
 14785 | Lab      | Reached skill level 14 in Polearms
 14807 | Lab      | Identified the cursed +0 quarterstaff of Cechom {freeze, rF+} (You found it on level 1 of the Lair of Beasts)
 14819 | Lab      | Got a slimy helmet
 14819 | Lab      | Got a transparent helmet
 14830 | Lab      | Identified the cursed +0 helmet "Upatha Roese" {Str+3 SInv} (You found it in a labyrinth)
 14870 | Lab      | Identified the +2 helmet "Goceoggi" {rElec rN+ Dex+2} (You found it in a labyrinth)
 15404 | D:12     | Noticed Bazinga's ghost (journeyman DEFE)
 15419 | D:12     | Killed Bazinga's ghost
 15537 | D:12     | Received a gift from Okawaru
 15905 | D:12     | Got an amber-encrusted leather armour
 15916 | D:12     | Identified the +2 leather armour of Dishonour {MR+ rCorr} (You found it on level 12 of the Dungeon)
 15931 | D:12     | Learned a level 2 spell: Blink
 15936 | D:12     | Learned a level 4 spell: Passage of Golubria
 15983 | D:12     | Received a gift from Okawaru
 15998 | D:12     | HP: 2/97 [meliai/hand axe (8)]
 16006 | D:11     | Killed from afar by a meliai

Skill      XL: |  1  2  3  4  5  6  7  8  9 10 11 12 |
---------------+-------------------------------------+-----
Polearms       | 3 5 6 7 9 11 12 13 14 | 14.2
Throwing       | 3 5 6 7 |  7.6
Armour         | 1 3 4 |  4.8
Fighting       | 3 4 6 |  6.8
Dodging        | 3 4 5 |  5.5
Invocations    | 2 4 5 |  5.9

Action                   |  1- 3 |  4- 6 |  7- 9 | 10-12 || total
-------------------------+-------+-------+-------+-------++-------
Melee: Trident           |    93 |    85 |   483 |  1197 ||  1858
       Kick              |    14 |    16 |   113 |   287 ||   430
       Unarmed           |       |       |     3 |       ||     3
       Quarterstaff      |       |       |     8 |       ||     8
       Punch             |       |       |       |     3 ||     3
Throw: Throwing net      |     4 |     3 |     2 |       ||     9
Invok: Heroism           |       |       |       |    13 ||    13
       Finesse           |       |       |       |     1 ||     1
Evoke: Wand              |       |       |    11 |     4 ||    15
  Use: Scroll            |     2 |     2 |     2 |     7 ||    13
       Potion            |       |       |       |     2 ||     2
 Stab: Confused          |       |       |     2 |     2 ||     4
       Held in net/web   |       |       |     1 |       ||     1
       Paralysed         |       |       |       |     6 ||     6
  Eat: Chunk             |       |     4 |    14 |    16 ||    34
       Ration            |       |       |       |     2 ||     2
Armor: Leather armour    |    10 |       |       |    30 ||    40
       Scale mail        |    15 |    29 |   130 |   314 ||   488
       Skin              |       |       |     2 |       ||     2
       Troll leather arm |       |       |       |    19 ||    19
Dodge: Dodged            |    19 |    24 |   113 |   374 ||   530
